 Dungeon Crawl Stone Soup version 0.31-a0-219-g8d62b2e7bb (webtiles) character file.

Game seed: 18413628991538668670

417 qw the Shooter (level 6, 0/38 HPs)
             Began as a Gargoyle Hexslinger on July 3, 2023.
             Was an Initiate of Okawaru.
             Slain by an ice beast (4 damage)
             ... on level 5 of the Dungeon.
             The game lasted 00:01:38 (3817 turns).

qw the Shooter (Gargoyle Hexslinger)                Turns: 3817, Time: 00:01:38

Health: 0/38       AC:  9    Str: 12    XL:     6   Next: 92%
Magic:  7/7        EV: 11    Int: 13    God:    Okawaru [......]
Gold:   190        SH:  0    Dex: 14    Spells: 6/7 levels left

rFire   + . .        Y - +0 shortbow
rCold   + . .        (shield currently unavailable)
rNeg    + . .        l - +1 leather armour {rC+}
rPois   inf          (no helmet)
rElec   +            f - +0 cloak
rCorr   +            (no gloves)
SInv    .            (no boots)
Will    .....        (no amulet)
Stlth   +            b - ring of resist corrosion
HPRegen 0.26/turn    g - ring of protection from fire
MPRegen 0.10/turn

%: no passive effects
@: no status effects
A: sickness immunity, AC +4, negative energy resistance 1, electricity
resistance, torment resistance 1, petrification resistance
a: Renounce Religion


You were on level 5 of the Dungeon.
You worshipped Okawaru.
Okawaru was noncommittal.
You visited 2 branches of the dungeon, and saw 6 of its levels.

You collected 190 gold pieces.


Innate Abilities, Weirdness & Mutations

You are immune to sickness and miasma.
Your stone body is resilient. (AC +4)
You are immune to poison.
You resist negative energy. (rN+)
You are resistant to electric shocks. (rElec)
You are resistant to unholy torment.
You are immune to petrification.


   Skills:
 + Level 3.9 Fighting
 - Level 6.0 Ranged Weapons
 - Level 1.2 Armour
 - Level 1.5 Dodging
 - Level 1.0 Spellcasting
 - Level 2.6 Hexes


You had 6 spell levels left.
You knew the following spells:

 Your Spells              Type           Power      Damage    Failure   Level
a - Slow                  Hex            28%        N/A       12%         1

Your spell library contained the following spells:

 Spells                   Type           Power      Damage    Failure   Level
 Inner Flame              Hex/Fire       4%         N/A       52%         3
 Portal Projectile        Hex/Tloc       8%         N/A       52%         3
 Cause Fear               Hex            3%         N/A       75%         4

Inventory:

Hand Weapons
 Y - a +0 shortbow (weapon)
Armour
 f - a +0 cloak (worn)
 l - a +1 leather armour of cold resistance (worn)
Jewellery
 b - a ring of resist corrosion (left hand)
 g - a ring of protection from fire (right hand)
Wands
 c - a wand of digging (6)
Scrolls
 a - a scroll of noise {unknown}
 d - a scroll of identify
Potions
 e - a potion of lignification {unknown}
 h - 5 potions of curing
 k - a potion of haste

Dungeon Overview and Level Annotations

Branches:
Dungeon (5/15)             Temple (1/1) D:4

Altars:
Ashenzari
Cheibriados
Fedhas
Gozag
Kikubaaqudgha
Makhleb
Nemelex Xobeh
Okawaru
Ru
Uskayaw
Vehumet
Xom
Yredelemnul
Zin
The Shining One


Message History

The ice beast barely misses you.
You shoot an arrow.
The arrow hits the ice beast but does no damage.
The ice beast is lightly wounded.
The ice beast hits you but does no damage.
You shoot an arrow. The arrow barely misses the ice beast.
The ice beast hits you. The ice beast freezes you. You resist.
You shoot an arrow.
The arrow hits the ice beast but does no damage.
The ice beast is lightly wounded.
The ice beast hits you but does no damage.
The ice beast hits you. The ice beast freezes you. You resist.
You shoot an arrow. The arrow hits the ice beast.
The ice beast is lightly wounded.
The ice beast hits you but does no damage.
You shoot an arrow. The arrow closely misses the ice beast.
The ice beast barely misses you.
You shoot an arrow.
The arrow hits the ice beast but does no damage.
The ice beast is lightly wounded.
The ice beast hits you. The ice beast freezes you. You resist.
You shoot an arrow. The arrow closely misses the ice beast.
The ice beast barely misses you.
You shoot an arrow. The arrow barely misses the ice beast.
The ice beast hits you but does no damage.
You shoot an arrow. The arrow hits the ice beast.
The ice beast is moderately wounded.
The ice beast barely misses you.
You shoot an arrow. The arrow hits the ice beast.
The ice beast is severely wounded.
The ice beast closely misses you. x2
You shoot an arrow. The arrow hits the ice beast.
The ice beast is severely wounded.
The ice beast completely misses you.
You shoot an arrow. The arrow closely misses the ice beast.
The ice beast closely misses you.
You shoot an arrow. The arrow hits the ice beast.
The ice beast is almost dead.
The ice beast hits you.
You die...

##### ##### #...#
#....
#.#.###########.###
#.#.............# #
#.#################
#.#....... #....
#.@....... ###.###
###Y###### #......
.# #.#.### .#
#.#.... .# #.####.
.# #...... .#
#..###. ## #..###.
#......


You could see an ice beast.

Vanquished Creatures
  A black bear (D:3)
  A scorpion (D:4)
  A jelly (D:4)
  2 orc wizards (D:4)
  4 adders
  4 gnolls (D:3)
  An ufetubus (D:4)
  A worm (D:2)
  2 dart slugs (D:1)
  10 orcs
  10 bats
  9 endoplasms
  2 giant cockroaches
  11 goblins
  4 hobgoblins
  10 jackals
  7 kobolds
  6 quokkas
  4 ball pythons
  2 frilled lizards
  6 rats
98 creatures vanquished.

Notes
Turn   | Place    | Note
-------+----------+-------------------------------------------
     0 | D:1      | qw the Gargoyle Hexslinger began the quest for the Orb.
     0 | D:1      | Reached XP level 1. HP: 12/12 MP: 2/2
     0 | D:1      | 0 ||| qw: Version: 0.3-a-40-ge99b1a8
     0 | D:1      | 0 ||| qw: Game counter: 369
     0 | D:1      | 0 ||| qw: Melee chars always use a shield: true
     0 | D:1      | 0 ||| qw: God list: Okawaru
     0 | D:1      | 0 ||| qw: Allow faded altars: false
     0 | D:1      | 0 ||| qw: Do Orc after clearing Dungeon:15 true
     0 | D:1      | 0 ||| qw: Do second Lair branch before Depths: true
     0 | D:1      | 0 ||| qw: Lair rune preference: random
     0 | D:1      | 0 ||| qw: Goals: Normal
     0 | D:1      | 0 ||| PLANNING D:1-11
    76 | D:1      | Reached XP level 2. HP: 16/16 MP: 3/3
   131 | D:1      | Reached skill level 3 in Ranged Weapons
   394 | D:1      | Reached XP level 3. HP: 19/21 MP: 4/4
   923 | D:1      | 923 ||| UPGRADING to +0 cloak.
   928 | D:1      | 928 ||| UPGRADING to +0 leather armour.
   938 | D:1      | 938 ||| DROPPING +0 robe.
   939 | D:1      | 939 ||| READING scroll labelled AFFAWU WAPTEIMM.
   940 | D:1      | 940 ||| DROPPING scroll of poison.
  1231 | D:2      | Reached XP level 4. HP: 26/26 MP: 5/5
  1330 | D:2      | Reached skill level 4 in Ranged Weapons
  1870 | D:2      | 1870 ||| UPGRADING to ring of resist corrosion.
  1871 | D:2      | 1871 ||| READING scroll labelled JIEVEQ YS QAEN.
  1972 | D:2      | 1972 ||| READING scroll labelled ESASUI VYNWOU.
  1975 | D:2      | 1975 ||| READING 2 scrolls labelled LYRACZ SUESTIA.
  1976 | D:2      | 1976 ||| DRINKING 2 green potions.
  1977 | D:2      | 1977 ||| DROPPING scroll of fear.
  2092 | D:3      | You fall into a shaft and drop 1 floor!
  2102 | D:4      | 2102 ||| STAIRDANCE
  2163 | D:3      | Reached XP level 5. HP: 30/30 MP: 6/6
  2186 | D:3      | 2186 ||| READING scroll of brand weapon.
  2186 | D:3      | 2186 ||| BRANDING +1 sling of freezing.
  2233 | D:3      | Found a faded altar of an unknown god.
  2375 | D:3      | HP: 4/30 [gnoll/+0 flail (10)]
  2376 | D:3      | 2376 ||| READING scroll of teleportation.
  2377 | D:3      | 2377 ||| DRINKING potion of heal wounds.
  2435 | D:3      | Found a broken altar of Ashenzari.
  2488 | D:3      | Reached skill level 5 in Ranged Weapons
  2567 | D:3      | 2567 ||| DROPPING ring of flight.
  2568 | D:3      | 2568 ||| READING scroll labelled MAOREAS KIR BESYPH.
  2590 | D:4      | Noticed a black bear
  2591 | D:4      | 2591 ||| STAIRDANCE
  2638 | D:4      | 2638 ||| STAIRDANCE
  2645 | D:3      | Killed a black bear
  2646 | D:3      | Reached skill level 3 in Fighting
  2646 | D:3      | Reached XP level 6. HP: 25/38 MP: 7/7
  2827 | D:4      | 2827 ||| Stepping ~*~*~tactically~*~*~ (outnumbered).
  2880 | D:4      | 2880 ||| FLEEEEING.
  3021 | D:4      | Found a staircase to the Ecumenical Temple.
  3022 | D:4      | 3022 ||| PLANNING TEMPLE
  3022 | D:4      | 3022 ||| UPGRADING to +0 ring mail.
  3032 | D:4      | 3032 ||| DROPPING +0 leather armour.
  3033 | D:4      | 3033 ||| UPGRADING to ring of protection from fire.
  3034 | D:4      | 3034 ||| READING scroll labelled WOYZARUMOJO.
  3035 | D:4      | 3035 ||| DRINKING 2 red potions.
  3044 | Temple   | Entered the Ecumenical Temple
  3073 | Temple   | 3073 ||| PLANNING OKAWARU WORSHIP
  3172 | Temple   | Became a worshipper of Warmaster Okawaru
  3173 | Temple   | 3173 ||| PLANNING D:1-11
  3244 | D:4      | 3244 ||| SWAPPING to +0 shortbow.
  3254 | D:4      | Reached skill level 1 in Armour
  3254 | D:4      | 3254 ||| DROPPING +1 sling of chaos.
  3417 | D:4      | Reached skill level 6 in Ranged Weapons
  3615 | D:4      | 3615 ||| UPGRADING to +1 leather armour of cold resistance.
  3625 | D:4      | 3625 ||| DROPPING +0 ring mail.
  3626 | D:4      | 3626 ||| READING 3 scrolls labelled VEPNEEGORU.
  3627 | D:4      | 3627 ||| READING scroll labelled WAETESTO ASKA.
  3628 | D:4      | 3628 ||| DRINKING 6 metallic golden potions.
  3629 | D:4      | 3629 ||| READING 2 scrolls of identify.
  3629 | D:4      | 3629 ||| IDENTIFYING pink potion
  3630 | D:4      | 3630 ||| DROPPING potion of attraction.
  3644 | D:5      | Entered Level 5 of the Dungeon
  3792 | D:5      | Noticed an ice beast
  3807 | D:5      | HP: 6/38 [ice beast (4)]
  3810 | D:5      | HP: 2/38 [ice beast (4)]
  3817 | D:5      | Slain by an ice beast

Levels and vault maps discovered:
D:1:      dpeg_arrival_rooms_a, layout_basic, st_stairs_5
D:2:      layout_loops_corners, grunt_decor_resistance, minmay_misc_feat_plants,
          dk_noncrumbling_2, minmay_distorted
D:3:      layout_rooms, ashenzari_conservatory_becter,
          shapermc_ecumenical_altar_flowoftime
D:4:      layout_basic, minmay_temple_entry_glassed_door
D:5:      layout_basic, uniq_blork_the_orc
Temple:   nicolae_temple_two_arcs

Skill      XL: |  1  2  3  4  5  6 |
---------------+-------------------+-----
Ranged Weapons | 3 4 5 6 |  6.0
Fighting       | 2 3 |  3.9
Armour         | 1 |  1.2
Dodging        | |  1.5
Spellcasting   | |  1.0
Hexes          | |  2.6

Action                     |  1- 3 |  4- 6 || total
---------------------------+-------+-------++-------
   Fire: Sling             |   133 |   147 ||   280
         Shortbow          |       |    65 ||    65
    Use: Scroll            |     1 |    10 ||    11
         Potion            |       |     4 ||     4
 Armour: Robe              |    28 |       ||    28
         Leather armour    |     3 |    44 ||    47
         Ring mail         |       |    14 ||    14
  Dodge: Dodged            |    46 |    95 ||   141

Table legend:
 A = Non-vault XP
 B = Vault XP
 C = Vault XP percentage of total XP
 D = Non-vault monster count
 E = Vault monster count
 F = Vault count percentage of total count
                 A         B        C        D         E       F
            +---------+---------+-------+---------+---------+-------
      Total |     590 |       6 |   1.0 |      94 |       4 |   4.1
            +---------+---------+-------+---------+---------+-------
        D:1 |      53 |       3 |   5.4 |      28 |       2 |   6.7
        D:2 |      71 |       3 |   4.1 |      25 |       2 |   7.4
        D:3 |     219 |       0 |   0.0 |      21 |       0 |   0.0
        D:4 |     247 |       0 |   0.0 |      20 |       0 |   0.0
            +---------+---------+-------+---------+---------+-------
